 Dungeon Sprint DCSS version 0.30-a0-58-gc0703345a7 (webtiles) character file.

Game seed: 15480163384161246589

19125 rocky1 the Spry (level 12, -32/111 HPs)
             Began as a Merfolk Gladiator on Sept 12, 2022.
             Was an Initiate of Gozag.
             Annihilated by a Killer Klown
             ... wielding a +12 antimagic club
              (35 damage)
             ... in the Dungeon (Sprint VII: "The Pits").
             The game lasted 00:20:38 (5222 turns).

rocky1 the Spry (Merfolk Gladiator)                 Turns: 5222, Time: 00:20:40

Health: -32/111    AC: 12    Str: 15    XL:     12   Next: 65%
Magic:  2/12       EV: 25    Int:  8    God:    Gozag
Gold:   2408       SH:  5    Dex: 28    Spells: 11/11 levels left

rFire   + . .      SeeInvis .    b - +2 scimitar (flame)
rCold   + + +      Faith    .    (no shield)
rNeg    + . .      Spirit   .    C - +0 scale mail {rC+}
rPois   +          Reflect  +    c - +0 helmet
rElec   +          Harm     .    (no cloak)
rCorr   +          Rampage  .    (no gloves)
Will    .....      NoTele   +    w - +0 pair of boots
Stlth   +++++.....               A - amulet "Xonoq" {Reflect rPois rC+ rN+ SH+5}
HPRegen 0.28/turn                q - +3 ring of dexterity
MPRegen 0.13/turn                l - +6 ring of dexterity

@: resistant, on berserk cooldown, slowed, invisible, very slow
A: (nimble swimmer 2), mertail
a: Renounce Religion, Potion Petition, Call Merchant, Bribe Branch


You were in the Dungeon.
You worshipped Gozag.
Gozag was most pleased with you.
You visited 1 branch You collected 7694 gold pieces.
You spent 1069 gold pieces at shops.
You paid 4217 gold pieces to Gozag.

Inventory:

Hand Weapons
 a - a +0 long sword of holy wrath
 b - a +2 scimitar of flaming (weapon)
 y - a +2 rapier of venom
 F - a +0 spear
Missiles
 d - a throwing net
 j - 3 silver javelins (quivered)
Armour
 c - a +0 helmet (worn)
 w - a +0 pair of boots (worn)
 C - a +0 scale mail of cold resistance (worn)
Jewellery
 e - a ring of magical power
 k - a ring of see invisible
 l - a +6 ring of dexterity (right hand)
 o - a ring of willpower
 q - a +3 ring of dexterity (left hand)
 r - a +3 ring of dexterity
 A - the amulet "Xonoq" (around neck) {Reflect rPois rC+ rN+ SH+5}
   (You bought it in a shop in the Dungeon)

   [amulet of reflection]

   It reflects blocked missile attacks.
   rC:        It protects you from cold.
   rPois:     It protects you from poison.
   rN:        It protects you from negative energy.
   SH:        It affects your SH (+5).
Scrolls
 m - 5 scrolls of amnesia
 n - a scroll of summoning
 p - a scroll of poison
 s - 4 scrolls of enchant weapon
 v - 2 scrolls of identify
 B - 5 scrolls of fog
 E - a scroll of blinking
Potions
 f - 5 potions of curing
 g - 9 potions of heal wounds
 h - 3 potions of haste
 i - 4 potions of magic
 t - 3 potions of brilliance
 u - 2 potions of mutation
 x - a potion of berserk rage
 z - a potion of resistance
 D - a potion of might


   Skills:
 + Level 16.0 Fighting
 - Level 14.3 Long Blades
 + Level 7.5 Polearms
 + Level 11.5 Throwing
 + Level 11.4 Armour
 + Level 18.9 Dodging
 + Level 14.2 Stealth


You had 11 spell levels left.
You didn't know any spells.
Your spell library was empty.

Dungeon Overview and Level Annotations

Branches:
Dungeon (1/1)

Altars:
Ashenzari
Cheibriados
Dithmenos
Elyvilon
Fedhas
Gozag
Hepliaklqana
Kikubaaqudgha
Makhleb
Nemelex Xobeh
Okawaru
Qazlal
Ru
Sif Muna
Trog
Uskayaw
Vehumet
Wu Jian
Xom
Yredelemnul
Zin
The Shining One
Jiyva
Lugonu

Shops:
D *(

Annotations:
D Polyphemus


Innate Abilities, Weirdness & Mutations

((You are very nimble when in or above water. (Stealth+, EV+, Speed+++)))
Your lower body shifts to a powerful aquatic tail in water.


Message History

You are exhausted.
You feel yourself slow down.
The gnoll shouts!
The vampire knight misses you. x2
Unknown command.
Blink to where?
Press: ? - help, Dir - move target
As you read the scroll of blinking, it crumbles to dust.
The vampire knight points at you and mumbles some strange words.
You resist with significant effort.
The Killer Klown blinks!
You see here a +0 short sword.
The Killer Klown blinks!
The Killer Klown pies you viciously! The klown pie misses you.
The vampire knight casts a spell at you.
The vampire knight blinks!
You see here a +0 shortbow.
The vampire knight points at you and mumbles some strange words.
You suddenly lose the ability to move!
The vampire knight hits you with a +2 battleaxe!!!
* * * LOW HITPOINT WARNING * * *
The vampire knight bites you!
* * * LOW HITPOINT WARNING * * *
You can move again.
There is an open door to the Storerooms (Easy), spattered with blood here.
Unknown command.
You feel much better.
The vampire knight hits you with a +2 battleaxe!!
* * * LOW HITPOINT WARNING * * *
The vampire knight closely misses you.
Unknown command.
Okay, then.
The vampire knight attacks as you move away!
The vampire knight misses you.
The vampire knight bites you but does no damage.
The Killer Klown attacks as you move away!
The Killer Klown squeezes you with a +12 antimagic club!!
You die...
Your body crumbles into a pile of gold.

#..##############
#############................
#_________.##..........$[...)
#_________.###########''#####
#_______...###########''#####
##########'##..........§.....
#.?(.')))'.##....).#..#......
##########.##................
#...........@p.).....∩.......
#'#####'#####V.....#..#......
#.#..#...'.##....)..[........
#.#..#...#.#####+#####++#####
#.#..#####.##....[..##++#####
#.#..'...#.##.......##).....'
#.#..')..'.##.......##......'
#.#..########...<...##.....##
#.#..'.)))[##.......##...###.


You could see a Killer Klown and a vampire knight (fast).

Vanquished Creatures
  A nagaraja (D)
  An emperor scorpion (D)
  A green draconian (D)
  A white draconian (D)
  Josephine (D)
  2 boulder beetles (D)
  A hell hog (D)
  Urug (D)
  A sea snake (D)
  A bog body (D)
  2 deep elf zephyrmancers (D)
  An orc knight (D)
  A manticore (D)
  An elephant (D)
  A merfolk siren (D)
  A smoke demon (D)
  A black mamba (D)
  An unseen horror (D)
  A gargoyle (D)
  2 cane toads (D)
  A freezing wraith (D)
  2 hellwings (D)
  2 guardian mummies (D)
  A merfolk (D)
  2 trolls (D)
  Grinder (D)
  Prince Ribbit (D)
  4 blink frogs (D)
  3 snapping turtles (D)
  A jumping spider (D)
  2 flying skulls (D)
  A vampire (D)
  4 wraiths (D)
  Eustachio (D)
  A redback (D)
  A basilisk (D)
  4 yaks (D)
  A fire bat (D)
  A warg (D)
  An acid dragon (D)
  A water moccasin (D)
  2 large abominations (D)
  An orc warrior (D)
  9 wolves (D)
  3 centaurs (D)
  A gnoll sergeant (D)
  A necrophage (D)
  An earth elemental (D)
  3 orc priests (D)
  2 gnoll boudas (D)
  An orc wizard (D)
  2 hell rats (D)
  A mummy (D)
  5 gnolls (D)
  A river rat (D)
  A white imp (D)
  An ufetubus (D)
  An orc (D)
  2 bats (D)
  A bat skeleton (D)
  2 endoplasms (D)
  A hobgoblin (D)
  2 jackals (D)
  A kobold (D)
  A ball python skeleton (D)
  A frilled lizard (D)
  A jackal zombie (D)
  A quokka simulacrum (D)
  2 rats (D)
110 creatures vanquished.

Vanquished Creatures (others)
  An elephant (D)
  A large abomination (D)
2 creatures vanquished.

Grand Total: 112 creatures vanquished

Notes
Turn   | Place    | Note
-------+----------+-------------------------------------------
     0 | D        | rocky1 the Merfolk Gladiator began the quest for the Orb.
     0 | D        | Reached XP level 1. HP: 16/16 MP: 1/1
    16 | D        | Reached skill level 1 in Armour
    20 | D        | Found a bloodstained altar of Trog.
    20 | D        | Found a shimmering blue altar of Sif Muna.
    20 | D        | Found a viscous altar of Jiyva.
    20 | D        | Found a hazy altar of Hepliaklqana.
    20 | D        | Found an opulent altar of Gozag.
    21 | D        | Found a glowing golden altar of the Shining One.
    21 | D        | Found a glowing silver altar of Zin.
    21 | D        | Found a basalt altar of Yredelemnul.
    21 | D        | Found a shimmering altar of Xom.
    21 | D        | Found an ornate altar of the Wu Jian Council.
    21 | D        | Found a sacrificial altar of Ru.
    21 | D        | Found a stormy altar of Qazlal.
    21 | D        | Found an iron altar of Okawaru.
    21 | D        | Found a sparkling altar of Nemelex Xobeh.
    21 | D        | Found a burning altar of Makhleb.
    21 | D        | Found a blossoming altar of Fedhas.
    21 | D        | Found a white marble altar of Elyvilon.
    21 | D        | Found a shadowy altar of Dithmenos.
    21 | D        | Found a snail-covered altar of Cheibriados.
    23 | D        | Found a radiant altar of Vehumet.
    23 | D        | Found a corrupted altar of Lugonu.
    24 | D        | Found a hide-covered altar of Uskayaw.
    24 | D        | Found an ancient bone altar of Kikubaaqudgha.
    24 | D        | Found a broken altar of Ashenzari.
    28 | D        | Became a worshipper of Gozag Ym Sagoz the Greedy
    71 | D        | Reached XP level 2. HP: 23/24 MP: 2/2
   242 | D        | Reached skill level 5 in Dodging
   383 | D        | Noticed a flying skull
   384 | D        | Noticed Grinder
   384 | D        | Noticed Prince Ribbit
   393 | D        | Killed a flying skull
   394 | D        | Reached skill level 5 in Fighting
   394 | D        | Reached skill level 7 in Dodging
   394 | D        | Reached XP level 3. HP: 34/34 MP: 3/3
   394 | D        | Reached XP level 4. HP: 40/40 MP: 4/4
   394 | D        | Reached XP level 5. HP: 46/46 MP: 5/5
   402 | D        | Reached skill level 8 in Dodging
   406 | D        | Reached XP level 6. HP: 52/52 MP: 6/6
   418 | D        | Paralysed by Grinder for 2 turns
   424 | D        | Killed Grinder
   425 | D        | Reached skill level 9 in Dodging
   425 | D        | Reached XP level 7. HP: 39/60 MP: 7/7
   425 | D        | Killed Prince Ribbit
   426 | D        | Reached skill level 5 in Armour
   426 | D        | Reached skill level 10 in Dodging
   434 | D        | Noticed a flying skull
   442 | D        | Killed a flying skull
   598 | D        | Noticed a warg
   608 | D        | Reached XP level 8. HP: 69/69 MP: 8/8
   619 | D        | Reached skill level 11 in Dodging
   662 | D        | Noticed a hellwing
   662 | D        | Noticed a troll
   669 | D        | Killed a troll
   689 | D        | Killed a hellwing
   902 | D        | Bought a potion of resistance for 140 gold pieces
   902 | D        | Bought the amulet "Xonoq" {Reflect rPois rC+ rN+ SH+5} for
                  | 733 gold pieces
   902 | D        | Bought a scroll of fog for 56 gold pieces
   902 | D        | Bought a potion of heal wounds for 70 gold pieces
   902 | D        | Bought a potion of heal wounds for 70 gold pieces
  1011 | D        | Noticed a guardian mummy
  1011 | D        | Noticed Urug
  1043 | D        | Killed Urug
  1044 | D        | Reached skill level 10 in Fighting
  1044 | D        | Reached skill level 12 in Dodging
  1044 | D        | Reached XP level 9. HP: 48/79 MP: 9/9
  1045 | D        | Killed a guardian mummy
  1046 | D        | Reached skill level 13 in Dodging
  1046 | D        | Reached skill level 5 in Stealth
  1381 | D        | Noticed a freezing wraith
  1388 | D        | Killed a freezing wraith
  1392 | D        | Noticed a boulder beetle
  1393 | D        | Noticed a boulder beetle
  1394 | D        | Noticed a deep elf zephyrmancer
  1394 | D        | Noticed a troll
  1482 | D        | Killed a deep elf zephyrmancer
  1780 | D        | Reached skill level 14 in Dodging
  1785 | D        | Reached XP level 10. HP: 81/89 MP: 10/10
  2021 | D        | Killed a boulder beetle
  2022 | D        | Reached skill level 5 in Throwing
  2086 | D        | Killed a boulder beetle
  2087 | D        | Reached skill level 15 in Dodging
  2236 | D        | Noticed an elephant
  2237 | D        | Noticed a sea snake
  2255 | D        | Killed a sea snake
  2272 | D        | Noticed an orc knight
  2272 | D        | Killed an elephant
  2289 | D        | Killed an orc knight
  2290 | D        | Reached skill level 10 in Stealth
  2342 | D        | Noticed an emperor scorpion
  2346 | D        | Reached XP level 11. HP: 98/98 MP: 11/11
  2716 | D        | Reached skill level 16 in Dodging
  2809 | D        | Noticed a green draconian
  2839 | D        | Killed a green draconian
  2858 | D        | Noticed Josephine
  2869 | D        | Reached skill level 10 in Armour
  2876 | D        | Killed Josephine
  2877 | D        | Reached skill level 17 in Dodging
  2961 | D        | Noticed a bog body
  2972 | D        | Killed a bog body
  3023 | D        | Reached skill level 10 in Throwing
  3649 | D        | Killed an emperor scorpion
  3650 | D        | Reached skill level 15 in Fighting
  3650 | D        | Reached XP level 12. HP: 109/109 MP: 12/12
  4051 | D        | Reached skill level 18 in Dodging
  4637 | D        | Noticed Eustachio
  4641 | D        | Reached skill level 5 in Polearms
  4643 | D        | Killed Eustachio
  4810 | D        | Noticed Polyphemus
  4810 | D        | Noticed a death cob
  4810 | D        | Noticed a deep elf high priest
  4810 | D        | Noticed a spriggan defender
  4956 | D        | Noticed a great orb of eyes
  4956 | D        | Noticed a Killer Klown
  5037 | D        | Noticed a white draconian
  5055 | D        | Killed a white draconian
  5093 | D        | Noticed a hell hog
  5101 | D        | Killed a hell hog
  5109 | D        | Noticed a nagaraja
  5128 | D        | Killed a nagaraja
  5199 | D        | Identified the ring of Mearukim {Contam rElec rCorr Int+6
                  | Stlth+}
  5199 | D        | Noticed a vampire knight
  5217 | D        | Paralysed by a vampire knight for 4 turns
  5220 | D        | HP: 5/111 [vampire knight/+2 battleaxe (11)]
  5222 | D        | Annihilated by a Killer Klown

Illustrated notes

Levels and vault maps discovered:
D:        pitsprint [storerooms_1, entrance_room_1, metal_vault_4, armoury_3,
          mini_pit_1, grid_room_1, main_hall_1, silver_pit, the_coven_3,
          the_vestibule_1, steel_vault_2, golden_pit, hallway_of_sentries,
          crystal_vault_2, iron_vault_1, final_vault]

Skill      XL: |  1  2  3  4  5  6  7  8  9 10 11 12 |
---------------+-------------------------------------+-----
Long Blades    | 4 8 9 11 13 14 | 14.3
Armour         | 1 3 4 5 7 8 9 10 11 | 11.4
Fighting       | 3 5 6 7 8 10 11 13 15 16 | 16.0
Dodging        | 7 8 9 10 12 14 15 17 18 | 18.9
Stealth        | 4 7 10 12 14 | 14.2
Throwing       | 4 7 10 11 | 11.5
Polearms       | 2 7 |  7.5

Action                   |  1- 3 |  4- 6 |  7- 9 | 10-12 || total
-------------------------+-------+-------+-------+-------++-------
Melee: Long sword        |    32 |    27 |    67 |       ||   126
       Punch             |       |       |     2 |    10 ||    12
       Scimitar          |       |       |    53 |   328 ||   381
Throw: Javelin           |       |       |       |    14 ||    14
       Throwing net      |       |       |       |     3 ||     3
Invok: Call Merchant     |       |       |     1 |     1 ||     2
       Potion Petition   |       |       |     1 |     3 ||     4
  Use: Potion            |     3 |     1 |     6 |    12 ||    22
       Scroll            |       |       |       |     2 ||     2
 Stab: Distracted        |       |     1 |       |     6 ||     7
       Invisible         |       |     4 |     1 |    17 ||    22
       Sleeping          |       |       |       |     1 ||     1
Armor: Leather armour    |    15 |       |       |       ||    15
       Scale mail        |     7 |     8 |    23 |    61 ||    99
       Ring mail         |       |       |     1 |       ||     1
       Skin              |       |       |       |    10 ||    10
Dodge: Dodged            |    39 |    15 |    78 |   309 ||   441
Block: Other             |       |       |     6 |    64 ||    70
       Reflection        |       |       |       |     1 ||     1

Table legend: (Time is in decaauts)
 A = Elapsed time spent in this place.
 B = Non-inter-level travel time spent in this place.
 C = Inter-level travel time spent in this place.
 D = Time resting spent in this place.
 E = Time spent auto-exploring this place.
 F = Levels seen in this place.
 G = Mean time per level.
                   A        B        C        D        E       F      G
               +--------+--------+--------+--------+--------+-----+--------+
         Total |   5123 |   5050 |     73 |   3152 |      0 |   1 | 5123.0 |
       Dungeon |   5123 |   5050 |     73 |   3152 |      0 |   1 | 5123.0 |
               +--------+--------+--------+--------+--------+-----+--------+

Top non-repeatable levels by time:
       D: 5123 daAuts
